 Dungeon Crawl Stone Soup version 0.31-a0-803-g95b03c3367 (webtiles) character file.

Game seed: 12862938949534967318

176 fozzywoppz the Trooper (level 5, 0/42 HPs)
             Began as a Demonspawn Monk on Sept 20, 2023.
             Was a Believer of Wu Jian.
             Slain by a gnoll
             ... wielding a +0 whip
              (3 damage)
             ... on level 3 of the Dungeon.
             The game lasted 00:05:36 (2036 turns).

fozzywoppz the Trooper (Demonspawn Monk)            Turns: 2036, Time: 00:05:37

Health: 0/42       AC: 12    Str: 11    XL:     5   Next: 30%
Magic:  0/5        EV:  9    Int: 11    God:    Wu Jian [**....]
Gold:   90         SH:  4    Dex: 18    Spells: 4/4 levels left

rFire   + .          .
                       - Unarmed
rCold   . . .        p - +0 buckler
rNeg    . . .        k - +4 scale mail {rF+}
rPois   .            (no helmet)
rElec   .            (no cloak)
rCorr   .            (no gloves)
SInv    .            (no boots)
Will    .....        o - amulet of guardian spirit Stlth
                     (no ring)
HPRegen 0.27/turn    (no ring)
MPRegen 0.18/turn

%: guardian spirit
@: no status effects
A: yellow scales 1, magic regeneration, demonic touch 1
a: Renounce Religion, Wall Jump


You were on level 3 of the Dungeon.
You worshipped Wu Jian.
Wu Jian was pleased with you.
You visited 1 branch of the dungeon, and saw 3 of its levels.

You collected 148 gold pieces.
You spent 58 gold pieces at shops.

Inventory:

Missiles
 d - 19 stones
Armour
 c - an orb of light
 f - a +0 ring mail
 h - a +0 crystal plate armour
 k - a +4 scale mail of fire resistance (worn)
 p - a +0 buckler (worn)
Jewellery
 o - an amulet of guardian spirit (around neck)
 q - an amulet of the acrobat
Wands
 g - a wand of polymorph (2)
Scrolls
 a - a scroll of teleportation
 b - a scroll of identify {unknown}
 e - a scroll of acquirement {unknown}
 i - a scroll of poison {unknown}


   Skills:
 + Level 4.1 Fighting
 + Level 1.5 Armour
 + Level 3.7 Dodging
 + Level 3.6 Unarmed Combat


You had 4 spell levels left.
You didn't know any spells.
Your spell library contained the following spells:

 Spells                   Type           Power      Damage    Failure   Level
 Lesser Beckoning         Tloc           0%         N/A       99%         2
 Gell's Gravitas          Tloc           0%         N/A       100%        3
 Teleport Other           Tloc           0%         N/A       100%        3
 Iskenderun's Battlesphe  Conj           0%         2d6       100%        5
 Leda's Unmaking          Conj/Erth      0%         9d1       100%        6
 Spellforged Servitor     Conj/Summ      0%         N/A       100%        7


Dungeon Overview and Level Annotations

Branches:
Dungeon (3/15)

Altars:
Wu Jian

Shops:
D:2 [

Annotations:
D:3 Ijyb


Innate Abilities, Weirdness & Mutations

You are partially covered in yellow scales. (AC +2)
You regenerate magic rapidly.
Your touch may inflict minor irresistible damage on your foes.


Message History

The gnoll is moderately wounded.
The gnoll hits you with a +0 whip.
* * * LOW HITPOINT WARNING * * *
The gnoll hits you with a +0 flail.
* * * LOW HITPOINT WARNING * * *
You hit the gnoll.
The gnoll is severely wounded.
The gnoll barely misses you. You block the gnoll's attack.
You barely miss the gnoll.
The gnoll is severely wounded.
The gnoll hits you but does no damage. The gnoll hits you with a +0 flail.
* * * LOW HITPOINT WARNING * * *
Unknown command.
You hit the gnoll.
The gnoll is almost dead.
The gnoll closely misses you. The gnoll barely misses you.
It was a potion of curing.
You feel better. The gnoll closely misses you.
The gnoll hits you but does no damage.
You barely miss the gnoll.
The gnoll is almost dead.
The gnoll hits you but does no damage. The gnoll hits you with a +0 flail!
* * * LOW HITPOINT WARNING * * *
You barely miss the gnoll.
The gnoll is almost dead.
The gnoll hits you with a +0 whip.
* * * LOW HITPOINT WARNING * * *
The gnoll closely misses you.
You hit the gnoll.
You kill the gnoll!
The Council accepts your kill. You block the gnoll's attack.
You hit the gnoll but do no damage. You block the gnoll's attack.
The gnoll hits you but does no damage.
You hit the gnoll but do no damage.
The gnoll hits you but does no damage. x2
The gnoll barely misses you.
You completely miss the gnoll. The gnoll hits you with a +0 whip.
* * * LOW HITPOINT WARNING * * *
The gnoll closely misses you.
You hit the gnoll but do no damage. The gnoll hits you with a +0 whip.
You die... .........# # #.. ........... ... .......#.## #. ...#.....# .. ..#..##### #J #........# #... #g##........# oo..

#.@g.)......#
#...
####.........
#........#
##..####..
####.....#
#........#
###........#
#..........#
#.####.......


You could see 2 gnolls and an endoplasm.

Vanquished Creatures
  An orc priest (D:3)
  Terence (D:2)
  2 gnolls (D:3)
  3 adders (D:3)
  A worm (D:2)
  A dart slug (D:1)
  9 orcs (D:3)
  2 endoplasms
  3 giant cockroaches
  7 goblins
  6 hobgoblins
  4 ball pythons
  7 bats
  4 frilled lizards
  7 kobolds
  8 rats (D:1)
66 creatures vanquished.

Notes
Turn   | Place    | Note
-------+----------+-------------------------------------------
     0 | D:1      | fozzywoppz the Demonspawn Monk began the quest for the Orb.
     0 | D:1      | Reached XP level 1. HP: 18/18 MP: 1/1
   205 | D:1      | Gained mutation: You are partially covered in yellow
                  | scales. (AC +2) [demonic ancestry]
   205 | D:1      | Reached XP level 2. HP: 23/24 MP: 2/2
   574 | D:1      | Found a faded altar of an unknown god.
   838 | D:2      | Gained mutation: Your touch may inflict minor irresistible
                  | damage on your foes. [demonic ancestry]
   838 | D:2      | Reached XP level 3. HP: 26/29 MP: 3/3
  1124 | D:2      | Found an ornate altar of the Wu Jian Council.
  1130 | D:2      | Noticed Terence
  1144 | D:2      | Killed Terence
  1145 | D:2      | Reached XP level 4. HP: 13/37 MP: 4/4
  1265 | D:2      | Became a worshipper of the Wu Jian Council
  1265 | D:2      | Reached * piety under Wu Jian
  1265 | D:2      | Reached ** piety under Wu Jian
  1397 | D:2      | Found Geigaika's Armour Boutique.
  1405 | D:2      | Bought a +0 buckler for 58 gold pieces
  1721 | D:3      | Noticed Ijyb
  1769 | D:3      | Reached skill level 1 in Armour
  1806 | D:3      | Reached skill level 4 in Fighting
  1953 | D:3      | Gained mutation: You regenerate magic rapidly. [demonic
                  | ancestry]
  1953 | D:3      | Reached XP level 5. HP: 41/42 MP: 3/5
  2036 | D:3      | Slain by a gnoll

Illustrated notes

Levels and vault maps discovered:
D:1:      dpeg_arrival_boxes_within_box, layout_rooms,
          shapermc_ecumenical_altar_ellora, minmay_rat_gold_closets
D:2:      layout_rooms, serial_shops, nicolae_shop_behind_doors, basic_altar,
          minmay_hedge_maze, uniq_terence
D:3:      layout_basic, uniq_natasha, uniq_crazy_yiuf_cottage, uniq_ijyb

Skill      XL: |  1  2  3  4 |
---------------+-------------+-----
Dodging        | 3 |  3.7
Unarmed Combat | 3 |  3.6
Armour         | 1 |  1.5
Fighting       | 4 |  4.1

Action                     |  1- 3 |  4- 6 || total
---------------------------+-------+-------++-------
  Melee: Unarmed           |   125 |   143 ||   268
Ability: Lunge             |       |     8 ||     8
         Whirlwind         |       |     5 ||     5
  Evoke: Wand              |       |     1 ||     1
    Use: Potion            |     2 |     2 ||     4
         Scroll            |       |     4 ||     4
 Armour: Robe              |    43 |       ||    43
         Ring mail         |    20 |       ||    20
         Scale mail        |       |   101 ||   101
  Dodge: Dodged            |    72 |    55 ||   127
  Block: Buckler           |       |    36 ||    36

Table legend: (Time is in decaauts)
 A = Elapsed time spent in this place.
 B = Non-inter-level travel time spent in this place.
 C = Inter-level travel time spent in this place.
 D = Time resting spent in this place.
 E = Time spent auto-exploring this place.
 F = Levels seen in this place.
 G = Mean time per level.
                   A        B        C        D        E       F      G
               +--------+--------+--------+--------+--------+-----+--------+
         Total |   2035 |   1979 |     56 |    217 |   1109 |   3 |  678.3 |
       Dungeon |   2035 |   1979 |     56 |    217 |   1109 |   3 |  678.3 |
               +--------+--------+--------+--------+--------+-----+--------+

Top non-repeatable levels by time:
     D:1: 804 daAuts
     D:2: 802 daAuts
     D:3: 428 daAuts
